 Dungeon Crawl Stone Soup version 0.29.1-15-g9cfb28693d (webtiles) character file.

Game seed: 4538267710023280091

75012 MacCMillion the Spry (level 15, -13/72 HPs)
             Began as a Felid Summoner on Mar 10, 2023.
             Was an Initiate of Gozag.
             Mangled by Agnes
             ... wielding a +1 lajatang of speed
              (30 damage)
             ... on level 3 of the Spider Nest on Mar 13, 2023.
             The game lasted 02:02:39 (44709 turns).

MacCMillion the Spry (Felid Summoner)              Turns: 44709, Time: 02:02:40

Health: -13/72     AC: 18    Str:  4    XL:     15   Next: 8%
Magic:  18/31      EV: 45    Int: 31    God:    Gozag
Gold:   3762       SH:  0    Dex: 16    Spells: 7/36 levels left
                                        Lives:  0   Deaths: 3

rFire   . . .      SeeInvis +   (weapon unavailable)
rCold   . . .      Faith    .   (shield unavailable)
rNeg    . . .      Spirit   .   (body armour unavailable)
rPois   ∞          Reflect  .   (helmet unavailable)
rElec   +          Harm     .   (cloak unavailable)
rCorr   .          Rampage  .   (gloves unavailable)
Will    ++...                   (boots unavailable)
Stlth   ++........              P - amulet of magic regeneration
HPRegen 0.22/turn               U - ring of the Hare {EV+8}
MPRegen 0.62/turn               O - +6 ring of intelligence

@: storm-form, forested, flying, studying Dodging
A: cleaving, insubstantial, flying, very small, (claws 1), (fangs 3), see
invisible, (speed 1), (shaggy fur 3), (stealthy paws), no weapons or thrown
items, no armour, multi-lived
a: Blinkbolt, End Transformation, Renounce Religion, Potion Petition, Call
Merchant, Bribe Branch


You were on level 3 of the Spider Nest.
You worshipped Gozag.
Gozag was most pleased with you.
You were a lightning-filled tempest!
You visited 5 branches of the dungeon, and saw 26 of its levels.
You visited the Abyss 1 time.
You also visited: Bailey.

You collected 9317 gold pieces.
You spent 2580 gold pieces at shops.
You paid 2975 gold pieces to Gozag.

Inventory:

Jewellery
 j - a +4 ring of evasion
 q - a +4 ring of protection
 z - a ring of wizardry
 C - an amulet of magic regeneration
 D - a ring of magical power
 H - a ring of fire
 J - an amulet of guardian spirit
 M - the amulet "Ligoad Loxin" {Reflect SH+5 SInv}
   (You found it on level 5 of the Lair of Beasts)

   [amulet of reflection]

   It reflects blocked missile attacks.
   SInv:      It lets you see invisible.
   SH:        It affects your SH (+5).
 N - a ring of fire
 O - a +6 ring of intelligence (right paw)
 P - an amulet of magic regeneration (around neck)
 T - an amulet of regeneration
 U - the ring of the Hare (left paw) {EV+8}
   (You found it on level 13 of the Dungeon)

   [ring of evasion]

   EV:        It affects your evasion (+8).
 W - a ring of protection from cold
 X - a +6 ring of intelligence
Wands
 g - a wand of mindburst (31)
 s - a wand of flame (33)
 E - a wand of polymorph (7)
 F - a wand of iceblast (10)
 K - a wand of charming (12)
Scrolls
 b - 5 scrolls of magic mapping
 d - 8 scrolls of teleportation
 f - 4 scrolls of butterflies
 k - 4 scrolls of immolation
 l - a scroll of torment
 m - 2 scrolls of vulnerability
 o - 9 scrolls of fear
 p - 2 scrolls of enchant armour
 r - 4 scrolls of poison
 w - 6 scrolls of noise
 x - 8 scrolls of blinking
 y - 9 scrolls of identify
 A - 3 scrolls of enchant weapon
 G - 2 scrolls of amnesia
 L - a scroll of summoning
 Q - a scroll of brand weapon
 V - a scroll of silence
Potions
 a - 4 potions of magic
 c - 4 potions of brilliance
 e - 7 potions of flight
 h - 10 potions of heal wounds
 i - a potion of resistance
 n - 8 potions of haste
 t - 3 potions of curing
 u - a potion of might
 v - a potion of berserk rage
 B - a potion of cancellation
 I - a potion of invisibility
 R - a potion of attraction
 S - 2 potions of lignification
 Z - a potion of ambrosia
Miscellaneous
 Y - a box of beasts


   Skills:
 - Level 12.0 Fighting
 - Level 17.5 Dodging
 - Level 2.8 Stealth
 + Level 11.0 Spellcasting
 - Level 5.0 Hexes
 - Level 11.8 Summonings
 - Level 10.0 Translocations
 - Level 13.6 Transmutations
 - Level 13.8 Air Magic


You had 7 spell levels left.
You knew the following spells:

 Your Spells              Type           Power      Damage    Failure   Level
b - Call Canine Familiar  Summ           74%        N/A       1%          3
d - Summon Lightning Spi  Summ/Air       77%        N/A       1%          4
e - Summon Forest         Summ/Tloc      35%        N/A       1%          5
f - Storm Form            Tmut/Air       40%        N/A       9%          7
g - Swiftness             Air            80%        N/A       1%          3
h - Blink                 Tloc           100%       N/A       1%          2
i - Manifold Assault      Tloc           68%        N/A       1%          5

Your spell library contained the following spells:

 Spells                   Type           Power      Damage    Failure   Level
 Apportation              Tloc           100%       N/A       1%          1
 Summon Small Mammal      Summ           100%       N/A       1%          1
 Call Imp                 Summ           74%        N/A       1%          2
 Ensorcelled Hibernation  Hex/Ice        64%        N/A       1%          2
 Passwall                 Tmut/Erth      46%        N/A       1%          2
 Static Discharge         Conj/Air       56%        3-10/arc  1%          2
 Ignite Poison            Fire/Tmut/Pois 45%        N/A       1%          3
 Mephitic Cloud           Conj/Pois/Air  45%        N/A       1%          3
 Summon Guardian Golem    Hex/Summ       62%        N/A       1%          3
 Tukima's Dance           Hex            48%        N/A       1%          3
 Airstrike                Air            40%        2d(6-22)  1%          4
 Petrify                  Tmut/Erth      56%        N/A       1%          4
 Blade Hands              Tmut           40%        N/A       1%          5
 Silence                  Hex/Air        33%        N/A       1%          5
 Summon Ice Beast         Ice/Summ       52%        N/A       2%          4
 Summon Mana Viper        Hex/Summ       62%        N/A       2%          5
 Magic Dart               Conj           68%        1d6       3%          1
 Necrotise                Necr           68%        1d7       3%          1
 Dazzling Flash           Conj/Hex       64%        N/A       3%          3
 Summon Cactus Giant      Summ           37%        N/A       3%          6
 Sublimation of Blood     Necr           17%        N/A       4%          2
 Alistair's Intoxication  Tmut/Pois      37%        N/A       4%          5
 Lightning Bolt           Conj/Air       28%        1d44      4%          5
 Conjure Flame            Conj/Fire      17%        6-21      9%          3
 Ozocubu's Armour         Ice            17%        N/A       9%          3
 Vampiric Draining        Necr           17%        2d7       9%          3
 Leda's Liquefaction      Hex/Erth       16%        N/A       11%         4
 Monstrous Menagerie      Summ           37%        N/A       19%         7
 Sticky Flame             Conj/Fire      17%        2d4       28%         4
 Statue Form              Tmut/Erth      37%        N/A       28%         6
 Agony                    Necr           17%        N/A       63%         5
 Lee's Rapid Deconstruct  Erth           8%         3d8*      63%         5
 Spellforged Servitor     Conj/Summ      26%        N/A       91%         7
 Orb of Destruction       Conj           8%         9d6       100%        7
 Ozocubu's Refrigeration  Ice            8%         4d9       100%        7
 Maxwell's Capacitive Co  Air            40%        ∞         56%         8
 Shatter                  Erth           8%         3d10*     100%        9
 Portal Projectile        Hex/Tloc       Unusable   N/A       N/A         3
 Animate Dead             Necr           Unusable   N/A       N/A         4

Dungeon Overview and Level Annotations

Branches:
Dungeon (15/15)            Temple (1/1) D:6            Lair (5/5) D:11
 Shoals (0/4) Lair:3       Spider (3/4) Lair:3        Slime (0/5) Lair:4
    Orc (2/2) D:9             Elf (0/3) Orc:2        Vaults (0/5) D:14
 Bailey (visited)
 Depths: D:15

Altars:
Cheibriados
Gozag
Kikubaaqudgha
Makhleb
Okawaru
Ru
Trog
Uskayaw
Vehumet
Xom
Yredelemnul
Zin
The Shining One
Jiyva

Shops:
D:5 ??   D:6 !   Orc:2 :=*!=   Lair:2 ===

Annotations:
D:3 3 runed translucent doors, laros's ghost, amateur MiBe
D:5 1 runed translucent door, exclusion: centaur, Heoruswealwe's ghost, amateur DECj
D:7 1 exclusion, Maggie
D:15 Josephine; Louise; Roxanne; Rupert
Spider:3 Agnes


Innate Abilities, Weirdness & Mutations

You are a lightning-filled tempest!
Your electrical attacks strike out in all directions at once.
You are incredibly evasive.
Your insubstantial body is immune to petrification, constriction, and being set on fire You are flying.
You are immune to poison.
((You have sharp claws.))
((You have razor-sharp teeth.))
You have supernaturally acute eyesight. (SInv)
((You cover ground quickly. (Speed+)))
((Your thick and shaggy fur keeps you warm. (AC +3, rC+)))
((Your paws help you pounce on unaware monsters.))
You are incapable of wielding weapons or throwing items.
You cannot wear armour.
You gain extra lives every three experience levels.


Message History

You hear a faint skittering sound.
You see here a potion of heal wounds.
Casting: Summon Lightning Spire (safe; 1% risk of failure)
Confirm with . or Enter, or press ? or * to list all spells.
Agnes completely misses you. Agnes closely misses you.
The demonic crawler hits your lightning spire but does no damage. x2
The demonic crawler completely misses your lightning spire.
Your dryad hits the demonic crawler but does no damage.
Branches wave dangerously above you.
The demonic crawler hits something. x2
The demonic crawler barely misses something.
Agnes completely misses you.
Your dryad calls out to the forest.
Vines fly forth from the trees!
Agnes attacks as you move away!
Agnes hits you with a +1 lajatang of speed!
The forest calms down.
The demonic crawler hits your lightning spire but does no damage. x3
Agnes completely misses you.
Agnes shouts, "I will kick you around like a rattan ball!"
Agnes hits you with a +1 lajatang of speed!!
Your dryad hits the demonic crawler. Agnes attacks as you move away!
Agnes closely misses you. Agnes completely misses you.
Casting: Call Canine Familiar (safe; 1% risk of failure)
Confirm with . or Enter, or press ? or * to list all spells.
Your warg disappears in a puff of smoke!
Agnes closely misses you.
Your snaplasher vine barely misses something.
Your snaplasher vine closely misses something.
Agnes barely misses you.
You miss Agnes.
Agnes is lightly wounded.
Agnes hits you with a +1 lajatang of speed!!
* * * LOW HITPOINT WARNING * * *
Your snaplasher vine hits something but does no damage.
Agnes says, "I despise a dishonourable opponent."
Agnes hits you with a +1 lajatang of speed!!
You die...
Your body crumbles into a pile of gold.

#..## #######.##
#...#####...##..###
#^.##.^...^.....^
#............^..
#..##....######.
#♣.######## # ♣♣h♣#
♣..♣ #v## #♣
#♣i###.♣###
♣.#R.8..♣.♣#
#.!..s......
♣♣..w.......
#.../..♣.....
#.♣<.........
#.♣♣*.....w.. ..
♣##....♣*. #


You could see Agnes (ally target), a friendly dryad (summoned), a friendly warg
(summoned) and a friendly snaplasher vine.

Vanquished Creatures
  Jorgrun (Spider:2)
  A broodmother (Spider:1)
  3 spark wasps (Spider:1)
  An entropy weaver (Spider:2)
  A fire dragon (D:14)
  A jorogumo (Spider:1)
  A hydra (D:15)
  A centaur warrior (D:13)
  A dancing weapon (D:14)
  3 orc high priests
  A sun moth (Spider:2)
  2 pharaoh ants
  4 steelbarb worms
  A necromancer (D:15)
  An orc knight (D:14)
  2 orc sorcerers (Orc:2)
  A deep elf pyromancer (D:14)
  9 wolf spiders
  2 manticores
  8 cyclopes
  An ugly thing (D:14)
  2 torpor snails
  An unseen horror (D:13)
  A kobold demonologist (D:13)
  An efreet (D:15)
  A demonic crawler (Spider:3)
  2 trolls
  8 tarantellas
  2 slime creatures
  18 jumping spiders
  7 culicivoras
  A basilisk (D:15)
  15 redbacks
  2 vampire mosquitoes (D:12)
  A warg (D:14)
  An acid dragon (D:13)
  12 orc warriors
  4 centaurs
  An ogre (Orc:1)
  A killer bee (D:12)
  3 electric eels (Spider:1)
  A jelly (Abyss:3)
  2 orc wizards (Orc:1)
  2 gnolls (D:6)
  9 orcs
  A kobold (D:6)
145 creatures vanquished.

Vanquished Creatures (collateral kills)
  Arachne (Spider:2)
  Donald (Spider:3)
  A ghost moth (Spider:1)
  An orc warlord (Orc:2)
  Nessos (Lair:5)
  An entropy weaver (Spider:1)
  Erolcha (D:11)
  7 hydras
  4 boulder beetles
  A catoblepas (Lair:5)
  2 two-headed ogres
  A dancing weapon (D:14)
  2 centaur warriors
  2 radroaches
  10 death yaks
  A tengu warrior (D:15)
  Sonja (Lair:3)
  Nergalle (Lair:1)
  2 pharaoh ants
  A swamp dragon (Lair:5)
  A wizard (D:15)
  3 lindwurms (Lair:5)
  A deep elf pyromancer (D:15)
  2 orc sorcerers (Orc:2)
  5 orc knights
  6 ugly things (D:14)
  10 wolf spiders
  2 manticores
  2 black mambas
  14 elephants
  A cyclops (D:12)
  A moth of wrath (Spider:3)
  Maurice (D:11)
  10 cane toads
  4 torpor snails
  An unseen horror (shapeshifter) (D:14)
  A freezing wraith (D:14)
  11 komodo dragons
  5 rime drakes
  An efreet (D:15)
  A demonic crawler (Spider:1)
  A queen bee (D:12)
  6 trolls
  4 polar bears
  6 saltlings (Orc:2)
  6 tarantellas
  4 slime creatures
  9 blink frogs
  12 dream sheep
  A jumping spider (shapeshifter) (D:14)
  8 culicivoras
  8 jumping spiders
  A shadow (D:13)
  4 wraiths
  3 wyverns
  17 yaks
  4 vampire mosquitoes
  A steam dragon (Lair:5)
  6 basilisks
  17 redbacks
  3 wargs
  2 acid dragons
  8 water moccasins
  2 sky beasts
  2 swamp drakes (Lair:5)
  26 orc warriors
  An ice beast (D:6)
  A black bear (shapeshifter) (D:15)
  8 ogres
  14 wolves
  5 centaurs
  A phantom (D:5)
  2 kobold brigands
  7 bullfrogs
  4 necrophages
  A gnoll sergeant (Orc:2)
  4 scorpions
  A wight (D:7)
  14 killer bees
  An electric eel (Lair:2)
  15 jellies
  15 orc priests
  5 iguanas
  21 orc wizards
  12 gnolls
  5 adders
  A white imp (D:8)
  An ufetubus (D:5)
  A worm (D:3)
  5 dart slugs
  77 orcs
  7 endoplasms
  20 goblins
  8 hobgoblins
  28 kobolds
  3 quokkas
  9 ball pythons
  6 bats
  3 frilled lizards
  6 rats
  5 bushes (Lair:4)
  A butterfly (Lair:2)
  A snaplasher vine (Lair:5)
605 creatures vanquished.

Vanquished Creatures (others)
  An ettin (Orc:1)
  A catoblepas (Lair:1)
  3 hydras
  A centaur warrior (D:10)
  2 two-headed ogres
  6 death yaks
  A slime creature (D:13)
  An orb spider (Spider:2)
  An orc knight (Orc:2)
  Pikel (D:8)
  An orc sorcerer (Orc:2)
  A cyclops (D:11)
  6 elephants
  3 black mambas
  2 cane toads
  A rime drake (Lair:5)
  2 komodo dragons
  A saltling (Orc:2)
  2 blink frogs (Lair:3)
  A shadow (D:10)
  12 yaks
  A steam dragon (Lair:5)
  A basilisk (Lair:3)
  A vampire mosquito (D:11)
  An acid dragon (D:10)
  A warg (D:11)
  3 water moccasins
  A sky beast (D:7)
  5 orc warriors
  9 wolves
  3 lemures (D:8)
  A scorpion (D:5)
  2 bullfrogs
  3 wights (D:7)
  A killer bee (D:10)
  A gnoll bouda (D:9)
  An iguana (Lair:5)
  An orc wizard (D:7)
  2 gnolls (D:6)
  An orc (D:8)
  2 goblins (D:8)
  A hobgoblin (D:8)
  A bush (Lair:5)
  28 fungi
  9 pillars of salt (Orc:2)
  75 plants
  18 snaplasher vines
223 creatures vanquished.

Grand Total: 973 creatures vanquished

Notes
Turn   | Place    | Note
-------+----------+-------------------------------------------
     0 | D:1      | MacCMillion the Felid Summoner began the quest for the Orb.
     0 | D:1      | Reached XP level 1. HP: 7/7 MP: 4/4
    73 | D:1      | Found a faded altar of an unknown god.
   476 | D:1      | Reached XP level 2. HP: 11/11 MP: 3/6
  1193 | D:2      | Reached XP level 3. HP: 14/14 MP: 7/7
  1395 | D:2      | Learned a level 3 spell: Call Canine Familiar
  1424 | D:2      | Found an iron altar of Okawaru.
  1498 | D:2      | Reached skill level 5 in Summonings
  1944 | D:3      | Reached XP level 4. HP: 18/18 MP: 5/9
  1986 | D:2      | Learned a level 4 spell: Summon Lightning Spire
  2879 | D:3      | Found a runed translucent gate.
  2880 | D:3      | Found a runed translucent gate.
  2881 | D:3      | Found a runed translucent gate.
  2883 | D:3      | Noticed laros's ghost (amateur MiBe)
  2972 | D:3      | Found a bloodstained altar of Trog.
  3232 | D:4      | Noticed a scorpion
  3262 | D:4      | Killed a scorpion
  3263 | D:4      | Reached XP level 5. HP: 21/21 MP: 2/11
  3921 | D:5      | Entered Level 5 of the Dungeon
  3922 | D:5      | Noticed an ogre
  3938 | D:5      | Found a runed translucent door.
  3938 | D:5      | Noticed Heoruswealwe's ghost (amateur DECj)
  4119 | D:5      | Found Ugupoabb's Magic Scroll Shoppe.
  4159 | D:5      | Learned a level 3 spell: Summon Guardian Golem
  4184 | D:5      | Noticed a centaur
  4203 | D:5      | Reached skill level 1 in Hexes
  4387 | D:5      | Gained mutation: You are covered in thick fur. (AC +2)
                  | [Felid growth]
  4387 | D:5      | Reached XP level 6. HP: 21/24 MP: 2/12
  5116 | D:5      | Found Gaidyng's Magic Scroll Emporium.
  5449 | D:5      | Reached skill level 5 in Hexes
  5449 | D:5      | Reached XP level 7. HP: 27/27 MP: 8/14
  5464 | D:6      | Found Adghyinytz's Distillery.
  5498 | D:6      | Reached skill level 3 in Dodging
  5563 | D:6      | Bought a potion of curing for 42 gold pieces
  5563 | D:6      | Bought a potion of heal wounds for 70 gold pieces
  5633 | D:6      | Found a staircase to the Ecumenical Temple.
  5707 | Temple   | Entered the Ecumenical Temple
  5853 | Temple   | Became a worshipper of Gozag Ym Sagoz the Greedy
  5910 | D:6      | Reached skill level 1 in Fighting
  6108 | D:6      | Reached skill level 4 in Dodging
  6251 | D:6      | Reached skill level 5 in Spellcasting
  7011 | D:6      | Reached XP level 8. HP: 34/34 MP: 9/16
  7459 | D:7      | Identified the +0 chain mail "Paluuckoi" {-Cast Harm rElec
                  | Str+5}
  7660 | D:6      | Reached skill level 5 in Dodging
  7783 | D:6      | Found a staircase to the Ecumenical Temple.
  7875 | D:6      | Found Adghyinytz's Distillery.
  8707 | D:7      | Reached skill level 6 in Dodging
  9666 | D:7      | Reached XP level 9. HP: 39/39 MP: 7/18
  9851 | D:7      | Noticed Maggie
 10147 | D:8      | Reached skill level 1 in Air Magic
 10403 | D:8      | Found a flagged portal.
 10492 | Bailey   | Entered a bailey
 11034 | D:8      | Noticed Pikel
 11060 | D:8      | Killed Pikel
 11360 | D:9      | Noticed a two-headed ogre
 11370 | D:9      | Killed a two-headed ogre
 11371 | D:9      | Reached skill level 5 in Fighting
 11371 | D:9      | Reached skill level 7 in Dodging
 11371 | D:9      | Reached skill level 5 in Air Magic
 11985 | D:9      | Found a staircase to the Orcish Mines.
 12749 | D:9      | Reached XP level 10. HP: 44/44 MP: 11/20
 13129 | D:9      | Found a staircase to the Orcish Mines.
 13564 | D:10     | Entered Level 10 of the Dungeon
 13702 | D:9      | Reached skill level 8 in Dodging
 14199 | D:10     | Noticed a centaur warrior
 14213 | D:10     | HP: 2/44 [centaur warrior/arrow (17)]
 14231 | D:10     | Shot with an arrow by a centaur warrior
 14232 | D:10     | Reached XP level 9. HP: -5/40 MP: 15/19
 14845 | D:10     | Killed a centaur warrior
 15322 | D:11     | Found a staircase to the Lair.
 15342 | D:11     | Noticed a cyclops
 15348 | D:11     | Killed a cyclops
 15349 | D:11     | Reached XP level 10. HP: 45/45 MP: 19/21
 15393 | D:11     | Reached skill level 9 in Dodging
 15856 | D:11     | Identified the +5 flail of Foolhardiness {vorpal, Fragile
                  | rC+++ rCorr Dex-3}
 15864 | D:11     | Noticed a two-headed ogre
 15877 | D:11     | Killed a two-headed ogre
 15895 | D:11     | Noticed Maurice
 15917 | D:11     | Killed Maurice
 16100 | D:11     | Noticed a two-headed ogre
 16122 | D:11     | Killed a two-headed ogre
 16245 | D:11     | Noticed a four-headed hydra
 16258 | D:11     | Killed a four-headed hydra
 16409 | D:11     | Noticed Erolcha
 16448 | D:11     | Killed Erolcha
 16624 | D:11     | Reached skill level 10 in Dodging
 16624 | D:11     | Reached XP level 11. HP: 50/50 MP: 20/23
 17344 | D:11     | Found a staircase to the Lair.
 17948 | Lair:1   | Entered Level 1 of the Lair of Beasts
 18694 | Lair:1   | Noticed Nergalle
 18708 | Lair:1   | Killed Nergalle
 18709 | Lair:1   | Reached skill level 10 in Summonings
 18711 | Lair:1   | Reached skill level 11 in Dodging
 19090 | Lair:1   | Noticed a catoblepas
 19260 | Lair:1   | Gained mutation: Your thick and shaggy fur keeps you warm.
                  | (AC +3, rC+) [Felid growth]
 19260 | Lair:1   | Reached XP level 12. HP: 56/56 MP: 23/25
 19465 | Lair:1   | Killed a catoblepas
 21205 | Lair:2   | Reached skill level 12 in Dodging
 21929 | Lair:2   | Learned a level 7 spell: Storm Form
 21955 | Lair:3   | Reached skill level 1 in Transmutations
 22196 | Lair:3   | Noticed Sonja
 22211 | Lair:3   | Killed Sonja
 22634 | Lair:3   | Reached skill level 5 in Transmutations
 22636 | Lair:3   | Identified a scroll of acquirement
 22637 | Lair:3   | Acquired a book of the Wilderness
 22643 | Lair:3   | Learned a level 3 spell: Swiftness
 22649 | Lair:3   | Learned a level 5 spell: Summon Forest
 22652 | Lair:3   | Learned a level 2 spell: Blink
 22741 | Lair:3   | Reached skill level 1 in Translocations
 22981 | Lair:3   | Found a hole to the Spider Nest.
 22988 | Lair:3   | Found a staircase to the Shoals.
 23794 | Lair:4   | Noticed an eight-headed hydra
 23809 | Lair:4   | Killed an eight-headed hydra
 23810 | Lair:4   | Reached skill level 5 in Translocations
 23854 | Lair:4   | Noticed a death yak
 23902 | Lair:4   | Reached XP level 13. HP: 60/60 MP: 27/27
 24225 | Lair:4   | Found a staircase to the Slime Pits.
 24226 | Lair:4   | Found a viscous altar of Jiyva.
 25358 | Lair:5   | Entered Level 5 of the Lair of Beasts
 25375 | Lair:5   | Noticed Nessos
 25384 | Lair:5   | Killed Nessos
 25401 | Lair:5   | Reached skill level 13 in Dodging
 25727 | Lair:5   | Reached skill level 10 in Spellcasting
 25815 | Lair:5   | Reached skill level 10 in Translocations
 25836 | Lair:5   | Reached skill level 10 in Fighting
 26432 | Lair:5   | Reached XP level 14. HP: 66/66 MP: 29/29
 26616 | Lair:5   | Identified the +1 pair of boots "Zemam" {Fly Dex+5}
 26893 | Lair:5   | Reached skill level 10 in Air Magic
 27250 | Lair:5   | Identified the amulet "Ligoad Loxin" {Reflect SH+5 SInv}
 29039 | Lair:2   | Bought a +6 ring of intelligence for 648 gold pieces
 29039 | Lair:2   | Bought an amulet of magic regeneration for 540 gold pieces
 29183 | Orc:1    | Entered Level 1 of the Orcish Mines
 29317 | Orc:1    | Found a bloodstained altar of Trog.
 29603 | Orc:1    | Found a burning altar of Makhleb.
 29803 | Orc:2    | Entered Level 2 of the Orcish Mines
 29803 | Orc:2    | Found Yshau's Mayhem Merchandise.
 31228 | Orc:2    | Reached skill level 10 in Transmutations
 31611 | Orc:2    | Noticed an orc warlord
 31629 | Orc:2    | Killed an orc warlord
 31664 | Orc:2    | Reached XP level 15. HP: 64/69 MP: 30/30
 31722 | Orc:2    | Found Gusuamez's Jewellery Emporium.
 31740 | Orc:2    | Found Birong's Jewellery Boutique.
 31743 | Orc:2    | Found Ynaot's Distillery.
 31834 | Orc:2    | Found Ostries's Book Shop.
 32203 | Orc:2    | Bought a manual of Dodging for 1280 gold pieces
 32327 | Orc:2    | Found a staircase to the Elven Halls.
 33390 | D:12     | Reached skill level 14 in Dodging
 33873 | D:13     | Killed by an exploding themself... ignited by their inner
                  | flame
 33874 | D:13     | Reached XP level 14. HP: -2/66 MP: 18/29
 34155 | D:13     | Got the Compilation of Grisly Earth
 34156 | D:13     | Found the ring of the Hare {EV+8}
 34916 | D:14     | Found a gate to the Vaults.
 35174 | D:14     | Reached skill level 15 in Dodging
 35919 | D:15     | Entered Level 15 of the Dungeon
 35921 | D:15     | Noticed Louise
 36548 | D:15     | Noticed Rupert
 36858 | D:15     | Noticed Roxanne
 36964 | D:15     | Noticed Josephine
 36977 | Abyss:3  | Cast into level 3 of the Abyss (Louise)
 37045 | D:15     | Escaped the Abyss
 37617 | Spider:1 | Entered Level 1 of the Spider Nest
 37864 | Spider:1 | Reached skill level 16 in Dodging
 38002 | Spider:1 | Reached XP level 15. HP: 62/71 MP: 23/30
 39419 | Spider:1 | Learned a level 5 spell: Manifold Assault
 39977 | Spider:2 | Noticed Jorgrun
 40181 | Spider:2 | Killed Jorgrun
 40586 | Spider:2 | Reached skill level 17 in Dodging
 41754 | Spider:2 | Noticed Arachne
 41773 | Spider:2 | Killed Arachne
 42086 | Spider:2 | Slain by a radroach
 42087 | Spider:2 | Reached XP level 14. HP: -4/68 MP: 23/29
 42126 | Spider:2 | Identified the +0 leather armour of Repulsion {rElec}
 42880 | Spider:2 | Identified the +3 ring mail "Gihimiq" {+Blink rC+ Will-
                  | Slay+3}
 43844 | Spider:3 | Noticed Donald
 43869 | Spider:3 | Killed Donald
 43900 | Spider:3 | Reached XP level 15. HP: 66/72 MP: 16/30
 44699 | Spider:3 | Noticed Agnes
 44709 | Spider:3 | Mangled by Agnes

Illustrated notes

Levels and vault maps discovered:
D:1:      nagdon_arrival_double_spiral, layout_rooms,
          shapermc_ecumenical_altar_venn, chequers_garden,
          chequers_serial_rivers_micro_d, minmay_indecisive_spiral
D:2:      layout_rooms, basic_altar, minmay_pentomino_t4
D:3:      layout_loops_ring, mainiacjoe_overflow_alcove_1,
          gammafunk_ghost_split, minmay_close_crescents
D:4:      nicolae_BIG_FREAKIN_CUBE, layout_loops_ring, minivault_4,
          minmay_misc_feat_columns
D:5:      layout_loops_cross, serial_shops, nicolae_shop_stone, kennysheep_mini,
          hellmonk_ghost_happy_afterlife, chequers_arboretum
D:6:      corexii_shantytown, layout_gridville, minmay_temple_entry_arrows,
          serial_shops, shop, hangedman_decor_points, grunt_decor_junction
D:7:      wad_lake_hut, layout_rooms, uniq_maggie
D:8:      layout_loops_ring, enter_bailey_4, columned_hall_lemuel, uniq_pikel
D:9:      layout_basic, orc_0_dummy
D:10:     layout_long_grid, minmay_misc_feat_enclosed
D:11:     layout_loops_ring, erik_lair_orcish_takeover, item_on_display_a,
          uniq_erolcha, uniq_maurice
D:12:     layout_rooms, minivault_5, nicolae_looking_at_the_future
D:13:     layout_long_grid
D:14:     layout_irregular_city, erik_vaults_1, serial_park_tiny_2,
          lightli_minifort
D:15:     hangedman_depths_entry_civil_slaughter, layout_cave_pools,
          serial_shops, nicolae_inconvenience_store, uniq_roxanne, uniq_louise,
          uniq_rupert, uniq_josephine
Temple:   roderic_octagonal_lattice_temple
Lair:1:   layout_cave_pods, grunt_forest_small_clearings, uniq_nergalle
Lair:2:   layout_regular_city, lemuel_fruit_fields, serial_bayou_shore_a,
          lemuel_fruit_tree
Lair:3:   layout_roguey, elwin_shoals_entry_rocks, dummy_spider_entry,
          hibernation_bobbens, grunt_megastairs_2, uniq_sonja
Lair:4:   hellmonk_destroyed_diamonds, layout_cave_pods,
          minmay_slime_entry_jelly_boxes, evilmike_ambush
          [evilmike_ambush_outer_basic, evilmike_ambush_inner_basic]
Lair:5:   hangedman_lair_in_review, layout_regular_city,
          guppyfry_lair_end_dragon, dreamdust_mushroom_princess, uniq_nessos
Spider:1: layout_spider_delve, nicolae_spider_bzzzt,
          hangedman_spider_tarantella_strand
Spider:2: nicolae_spider_mines_3, special_room, uniq_jorgrun, uniq_arachne
Spider:3: layout_cave_pods, uniq_agnes, uniq_donald
Orc:1:    layout_diamond_mine, special_room [special_room_orc], basic_altar,
          bloody_makhleb
Orc:2:    hellmonk_orc_salted, layout_diamond_mine, minmay_shop_mayhem

Skill      XL: |  1  2  3  4  5  6  7  8  9 10 11 12 13 14 15 |
---------------+----------------------------------------------+-----
Summonings     | 5 6 7 8 9 10 11 | 11.8
Spellcasting   | 3 4 5 7 8 9 10 11 | 11.0
Hexes          | 2 5 |  5.0
Dodging        | 4 6 7 10 11 12 13 16 17 | 17.5
Fighting       | 2 4 6 7 8 9 10 12 | 12.0
Air Magic      | 6 7 8 9 11 13 | 13.8
Transmutations | 5 12 13 | 13.6
Translocations | 5 10 | 10.0
Stealth        | |  2.8

Action                   |  1- 3 |  4- 6 |  7- 9 | 10-12 | 13-15 || total
-------------------------+-------+-------+-------+-------+-------++-------
Melee: Unarmed           |     1 |     1 |    38 |     4 |   606 ||   650
       Bite              |       |       |     5 |     2 |     3 ||    10
       Punch             |       |       |       |       |    16 ||    16
 Cast: Summon Small Mamm |    57 |     7 |     4 |       |     1 ||    69
       Call Canine Famil |     4 |    32 |    80 |    70 |    99 ||   285
       Summon Guardian G |       |     5 |    61 |    79 |    75 ||   220
       Summon Lightning  |       |       |     6 |    58 |   121 ||   185
       Summon Forest     |       |       |       |     1 |    74 ||    75
       Storm Form        |       |       |       |       |    94 ||    94
       Blink             |       |       |       |       |     3 ||     3
       Swiftness         |       |       |       |       |     1 ||     1
Invok: Call Merchant     |       |       |       |     3 |       ||     3
       Potion Petition   |       |       |       |       |     1 ||     1
 Abil: Blinkbolt         |       |       |       |       |    16 ||    16
       End Transformatio |       |       |       |       |     2 ||     2
  Use: Scroll            |       |       |    10 |    14 |     9 ||    33
       Potion            |       |       |       |       |     4 ||     4
 Stab: Distracted        |       |       |     1 |       |     7 ||     8
       Sleeping          |       |       |       |       |     2 ||     2
Armor: Skin              |       |       |    16 |     8 |   152 ||   176
Dodge: Dodged            |    17 |    16 |   137 |    73 |  1271 ||  1514
